TOP OF THE 1ST |
York Revolution batting - Pitching for Kennesaw Jets : LHP Phil Miller
|
Pitching: LHP Phil Miller
|
|
Batting: LHB Marcos Deleón
|
0-0: Ball 1-0: Ball 2-0: Foul Ball, location: 2F 2-1: Ball 3-1: Base on Balls
|
Batting: RHB Manuel García
|
0-0: Ball 1-0: Ball Pickoff Throw by Catcher to First - Error! E2 Marcos Deleón to second 2-0: SINGLE (Groundball, 34D) Marcos Deleón to third
|
Batting: SHB Zuberi Mccray
|
0-0: Ball 1-0: Called Strike 1-1: Ball 2-1: Swinging Strike 2-2: Strikes out swinging
|
Batting: RHB José Ruíz
|
0-0: Called Strike 0-1: Ball 1-1: Ball 2-1: Fly out, F9 (Line Drive, 89M) Runner from 3rd tags up, SCORES, no throw
|
Batting: RHB Terry Cheadle
|
0-0: Ball Manuel García is caught stealing 2nd base
|
Top of the 1st over - 1 run(s), 1 hit(s), 1 error(s), 0 left on base; York 1 - Kennesaw 0 |
BOTTOM OF THE 1ST |
Kennesaw Jets batting - Pitching for York Revolution : RHP Jean-François Chapon
|
Pitching: RHP Jean-François Chapon
|
|
Batting: RHB Marc Beck
|
0-0: Ball 1-0: Called Strike 1-1: Ball 2-1: Foul Ball, location: 2F 2-2: Foul Ball, location: 2F 2-2: Ball 3-2: Ground out 5-3 (Groundball, 56)
|
Batting: RHB Chase Mooney
|
0-0: Called Strike 0-1: Swinging Strike 0-2: Ball 1-2: Foul Ball, location: 2F 1-2: Strikes out swinging
|
Batting: RHB José Piña
|
0-0: Ball 1-0: Foul Ball, location: 2F 1-1: Called Strike 1-2: Ball 2-2: Foul Ball, location: 2F 2-2: Strikes out looking
|
Bottom of the 1st over - 0 run(s), 0 hit(s), 0 error(s), 0 left on base; York 1 - Kennesaw 0 |
TOP OF THE 2ND |
York Revolution batting - Pitching for Kennesaw Jets : LHP Phil Miller
|
Batting: RHB Terry Cheadle
|
0-0: Ball 1-0: Ball 2-0: Foul Ball, location: 2F 2-1: Swinging Strike 2-2: Strikes out swinging
|
Batting: RHB José Urruticodez
|
0-0: Foul Ball, location: 2F 0-1: Foul Ball, location: 2F 0-2: Strikes out swinging
|
Batting: LHB Michael Nelson
|
0-0: Ball 1-0: Ball 2-0: Ground out U3 (Groundball, 3S)
|
Top of the 2nd over - 0 run(s), 0 hit(s), 0 error(s), 0 left on base; York 1 - Kennesaw 0 |
BOTTOM OF THE 2ND |
Kennesaw Jets batting - Pitching for York Revolution : RHP Jean-François Chapon
|
Batting: LHB Raúl Godines
|
0-0: Ball 1-0: Ground out 6-3 (Groundball, 6)
|
Batting: RHB Beau Murphy
|
0-0: Ball 1-0: Ball 2-0: Called Strike 2-1: Foul Ball, location: 2F 2-2: Strikes out looking
|
Batting: RHB Elliot Alderson
|
0-0: Ball 1-0: Ball 2-0: SINGLE (Line Drive, 34D)
|
Batting: SHB Buck Bettis
|
0-0: Ball 1-0: Called Strike 1-1: Ball 2-1: Foul Ball, location: 2F 2-2: Ball 3-2: SINGLE (Line Drive, 89S) Elliot Alderson to second Elliot Alderson to third
|
Batting: LHB Daniel Faraday
|
0-0: Ball 1-0: Swinging Strike 1-1: Swinging Strike 1-2: Strikes out looking
|
Bottom of the 2nd over - 0 run(s), 2 hit(s), 0 error(s), 2 left on base; York 1 - Kennesaw 0 |
TOP OF THE 3RD |
York Revolution batting - Pitching for Kennesaw Jets : LHP Phil Miller
|
Batting: SHB Roberto Córdova
|
0-0: Fly out, F7 (Flyball, 7S)
|
Batting: LHB Harold Wiggins
|
0-0: Ball 1-0: Called Strike 1-1: Called Strike 1-2: Ball 2-2: Strikes out swinging
|
Batting: LHB Marcos Deleón
|
0-0: Fly out, F6 (Line Drive, 6M)
|
Top of the 3rd over - 0 run(s), 0 hit(s), 0 error(s), 0 left on base; York 1 - Kennesaw 0 |
BOTTOM OF THE 3RD |
Kennesaw Jets batting - Pitching for York Revolution : RHP Jean-François Chapon
|
Batting: SHB Abraham Buscher
|
0-0: Foul Ball, location: 2F 0-1: Ball 1-1: Ball 2-1: Called Strike 2-2: Fly out, F7 (Flyball, 78M)
|
Batting: RHB Marc Beck
|
0-0: Ball 1-0: Fly out, F8 (Line Drive, 8RM)
|
Batting: RHB Chase Mooney
|
0-0: Fly out, F7 (Line Drive, 7M)
|
Bottom of the 3rd over - 0 run(s), 0 hit(s), 0 error(s), 0 left on base; York 1 - Kennesaw 0 |
TOP OF THE 4TH |
York Revolution batting - Pitching for Kennesaw Jets : LHP Phil Miller
|
Batting: RHB Manuel García
|
0-0: Ball 1-0: Ball 2-0: SINGLE (Groundball, 56D)
|
Batting: SHB Zuberi Mccray
|
0-0: Ball Manuel García is caught stealing 2nd base 1-0: Foul Ball, location: 2F 1-1: Ball 2-1: Foul Ball, location: 2F 2-2: Strikes out swinging
|
Batting: RHB José Ruíz
|
0-0: Ball 1-0: Ball 2-0: Called Strike 2-1: Ground out 2-3 (Groundball, 2L)
|
Top of the 4th over - 0 run(s), 1 hit(s), 0 error(s), 0 left on base; York 1 - Kennesaw 0 |
BOTTOM OF THE 4TH |
Kennesaw Jets batting - Pitching for York Revolution : RHP Jean-François Chapon
|
Batting: RHB José Piña
|
0-0: Swinging Strike 0-1: Ball 1-1: Fly out, F5 (Popup, 25)
|
Batting: LHB Raúl Godines
|
0-0: Ball 1-0: Ball 2-0: Ball 3-0: Foul Ball, location: 2F 3-1: Called Strike 3-2: Foul Ball, location: 2F 3-2: Foul Ball, location: 2F 3-2: Ground out 5-3 (Groundball, 5L)
|
Batting: RHB Beau Murphy
|
0-0: Called Strike 0-1: Ball 1-1: Ball 2-1: DOUBLE (Line Drive, 8LXD)
|
Batting: RHB Elliot Alderson
|
0-0: Called Strike 0-1: Ball 1-1: Ball 2-1: 2-RUN HOME RUN (Line Drive, 7D), Distance : 378 ft
|
Batting: SHB Buck Bettis
|
0-0: SINGLE (Groundball, 56D)
|
Batting: LHB Daniel Faraday
|
0-0: Foul Ball, location: 2F 0-1: Called Strike Buck Bettis steals 2nd base 0-2: Ball 1-2: Ball 2-2: Fly out, F8 (Flyball, 8RS)
|
Bottom of the 4th over - 2 run(s), 3 hit(s), 0 error(s), 1 left on base; York 1 - Kennesaw 2 |
TOP OF THE 5TH |
York Revolution batting - Pitching for Kennesaw Jets : LHP Phil Miller
|
Batting: RHB Terry Cheadle
|
0-0: Swinging Strike 0-1: Called Strike 0-2: Strikes out looking
|
Batting: RHB José Urruticodez
|
0-0: Fly out, F9 (Flyball, 9LMF)
|
Batting: LHB Michael Nelson
|
0-0: Ball 1-0: Ball 2-0: Called Strike 2-1: Ball 3-1: Fly out, F8 (Flyball, 8LM)
|
Top of the 5th over - 0 run(s), 0 hit(s), 0 error(s), 0 left on base; York 1 - Kennesaw 2 |
BOTTOM OF THE 5TH |
Kennesaw Jets batting - Pitching for York Revolution : RHP Jean-François Chapon
|
Batting: SHB Abraham Buscher
|
0-0: Ball 1-0: Called Strike 1-1: SINGLE (Flyball, 8LS)
|
Batting: RHB Marc Beck
|
0-0: Called Strike 0-1: Ball 1-1: Bunted foul 1-2: Foul Ball, location: 2F 1-2: Strikes out swinging
|
Batting: RHB Chase Mooney
|
0-0: Ball 1-0: Fly out, F7 (Flyball, 78M)
|
Batting: RHB José Piña
|
0-0: Ground out 6-3 (Groundball, 6)
|
Bottom of the 5th over - 0 run(s), 1 hit(s), 0 error(s), 1 left on base; York 1 - Kennesaw 2 |
TOP OF THE 6TH |
York Revolution batting - Pitching for Kennesaw Jets : LHP Phil Miller
|
Batting: SHB Roberto Córdova
|
0-0: Fly out, F7 (Flyball, 7LMF)
|
Batting: LHB Harold Wiggins
|
0-0: Fly out, F9 (Line Drive, 89S)
|
Batting: LHB Marcos Deleón
|
0-0: SINGLE (Line Drive, 34)
|
Batting: RHB Manuel García
|
0-0: DOUBLE (Line Drive, 7LM) Marcos Deleón to third Runner from 3rd tries for Home, throw and OUT!
|
Top of the 6th over - 0 run(s), 2 hit(s), 0 error(s), 1 left on base; York 1 - Kennesaw 2 |
BOTTOM OF THE 6TH |
Kennesaw Jets batting - Pitching for York Revolution : RHP Jean-François Chapon
|
Batting: LHB Raúl Godines
|
0-0: Ground out U3 (Groundball, 3S)
|
Batting: RHB Beau Murphy
|
0-0: Called Strike 0-1: Ball 1-1: Ball 2-1: DOUBLE (Line Drive, 78XD)
|
Batting: RHB Elliot Alderson
|
0-0: Intentional Walk
|
Pitching: RHP Héctor León
|
|
Batting: SHB Buck Bettis
|
0-0: Foul Ball, location: 2F 0-1: Ball 1-1: Ball 2-1: Ball 3-1: Reached on error, E1 (Groundball, 13S) Beau Murphy to third Elliot Alderson to second
|
Batting: LHB Daniel Faraday
|
0-0: Ball 1-0: Ball 2-0: Ball 3-0: Called Strike 3-1: Base on Balls Beau Murphy scores Elliot Alderson to third Buck Bettis to second
|
Batting: SHB Abraham Buscher
|
0-0: Foul Ball, location: 2F 0-1: Called Strike 0-2: Strikes out swinging
|
Batting: RHB Marc Beck
|
0-0: Ball 1-0: Foul Ball, location: 2F 1-1: Ball 2-1: DOUBLE (Flyball, 89XD) Elliot Alderson scores Buck Bettis scores Daniel Faraday to third Runner from 3rd tries for Home, throw and OUT!
|
Bottom of the 6th over - 3 run(s), 2 hit(s), 1 error(s), 1 left on base; York 1 - Kennesaw 5 |
TOP OF THE 7TH |
York Revolution batting - Pitching for Kennesaw Jets : LHP Phil Miller
|
Batting: SHB Zuberi Mccray
|
0-0: Foul Ball, location: 2F 0-1: Swinging Strike 0-2: Foul Ball, location: 2F 0-2: Ground out 6-3 (Groundball, 6M)
|
Batting: RHB José Ruíz
|
0-0: Ball 1-0: Swinging Strike 1-1: Ball 2-1: Ball 3-1: Base on Balls
|
Batting: RHB Terry Cheadle
|
0-0: Ball 1-0: Foul Ball, location: 2F 1-1: Called Strike 1-2: Fly out, F8 (Flyball, 8RM)
|
Batting: RHB José Urruticodez
|
0-0: Foul Ball, location: 2F 0-1: Called Strike 0-2: Foul Ball, location: 2F 0-2: Ball 1-2: Foul Ball, location: 2F 1-2: Ball 2-2: Foul Ball, location: 2F 2-2: SINGLE (Groundball, 34S) José Ruíz to second
|
Batting: LHB Michael Nelson
|
0-0: Ball 1-0: Ground out U3 (Groundball, 3)
|
Top of the 7th over - 0 run(s), 1 hit(s), 0 error(s), 2 left on base; York 1 - Kennesaw 5 |
BOTTOM OF THE 7TH |
Kennesaw Jets batting - Pitching for York Revolution : RHP Héctor León
|
Batting: RHB Chase Mooney
|
0-0: Fly out, F7 (Flyball, 7LM)
|
Batting: RHB José Piña
|
0-0: DOUBLE (Line Drive, 5D)
|
Batting: LHB Raúl Godines
|
0-0: Intentional Walk
|
Batting: RHB Beau Murphy
|
0-0: Fly out, F6 (Line Drive, 6)
|
Batting: RHB Elliot Alderson
|
0-0: Ball 1-0: SINGLE (Line Drive, 8RS) José Piña to third Raúl Godines to second Runner from 3rd tries for Home, SAFE, no throw or cutoff
|
Batting: SHB Buck Bettis
|
0-0: Called Strike 0-1: Called Strike 0-2: Hit by Pitch Raúl Godines to third Elliot Alderson to second
|
Batting: LHB Daniel Faraday
|
0-0: Ground out 6-3 (Groundball, 6)
|
Bottom of the 7th over - 1 run(s), 2 hit(s), 0 error(s), 3 left on base; York 1 - Kennesaw 6 |
TOP OF THE 8TH |
York Revolution batting - Pitching for Kennesaw Jets : LHP Phil Miller
|
Now at 1B: Jesús Valdés
|
|
Now at 2B: Ben Simpson
|
|
Batting: SHB Roberto Córdova
|
0-0: Called Strike 0-1: Ball 1-1: Ground out 5-3 (Groundball, 5)
|
Batting: LHB Harold Wiggins
|
0-0: Ball 1-0: Ball 2-0: Ball 3-0: Called Strike 3-1: Foul Ball, location: 2F 3-2: Foul Ball, location: 2F 3-2: Strikes out swinging
|
Batting: LHB Marcos Deleón
|
0-0: Foul Ball, location: 2F 0-1: Ground out 4-3 (Groundball, 4)
|
Top of the 8th over - 0 run(s), 0 hit(s), 0 error(s), 0 left on base; York 1 - Kennesaw 6 |
BOTTOM OF THE 8TH |
Kennesaw Jets batting - Pitching for York Revolution : RHP Héctor León
|
Batting: SHB Abraham Buscher
|
0-0: Ball 1-0: SINGLE (Line Drive, 4MD)
|
Batting: RHB Marc Beck
|
0-0: Ball 1-0: Grounds into double play, 5-4-3 (Groundball, 5)
|
Batting: RHB Chase Mooney
|
0-0: Ball 1-0: Swinging Strike 1-1: Swinging Strike 1-2: Ball 2-2: Ground out 6-3 (Groundball, 6M)
|
Bottom of the 8th over - 0 run(s), 1 hit(s), 0 error(s), 0 left on base; York 1 - Kennesaw 6 |
TOP OF THE 9TH |
York Revolution batting - Pitching for Kennesaw Jets : LHP Phil Miller
|
Now at C: Shannon Corzo
|
|
Now at SS: Ernesto López
|
|
Batting: RHB Manuel García
|
0-0: Foul Ball, location: 2F 0-1: Ball 1-1: Fly out, F9 (Flyball, 9LM)
|
Batting: SHB Zuberi Mccray
|
0-0: Ball 1-0: Ball 2-0: Ground out 6-3 (Groundball, 6)
|
Batting: RHB José Ruíz
|
0-0: Foul Ball, location: 2F 0-1: Swinging Strike 0-2: Ball 1-2: Hit by Pitch
|
Batting: RHB Terry Cheadle
|
0-0: Swinging Strike 0-1: Foul Ball, location: 2F 0-2: Ball 1-2: Hit by Pitch José Ruíz to second
|
Batting: RHB José Urruticodez
|
0-0: Ball 1-0: SINGLE (Groundball, 4MD) José Ruíz to third Terry Cheadle to second Runner from 3rd tries for Home, SAFE, no throw or cutoff
|
Pitching: RHP Javier Reyes
|
|
Batting: LHB Michael Nelson
|
0-0: Ball 1-0: Ball 2-0: Ball 3-0: Called Strike 3-1: Ground out U3 (Groundball, 3S)
|
Top of the 9th over - 1 run(s), 1 hit(s), 0 error(s), 2 left on base; York 2 - Kennesaw 6 |
|